 Dungeon Crawl Stone Soup version 0.31-a0-955-gcb8bc90ed4 (webtiles) character file.

Game seed: 18339923747974616510

33448 BinkBink the Severer (level 13, -4/118 HPs)
             Began as a Minotaur Fighter on Oct 22, 2023.
             Was a High Priest of the Shining One.
             Slain by a 15-headed hydra (6 damage)
             ... on level 3 of the Lair of Beasts.
             The game lasted 00:21:37 (16286 turns).

BinkBink the Severer (Minotaur Fighter)            Turns: 16286, Time: 00:21:39

Health: -4/118     AC: 14    Str: 25    XL:     13   Next: 36%
Magic:  12/12      EV: 15    Int:  5    God:    the Shining One [*****.]
Gold:   2090       SH: 11    Dex: 11    Spells: 12/12 levels left

rFire   . . .        F - +1 hand axe (spect)
rCold   . . .        c - +0 buckler
rNeg    + + +        N - +2 acid dragon scales
rPois   .            (helmet restricted)
rElec   .            A - scarf {repulsion}
rCorr   +            D - +0 pair of gloves
SInv    .            v - +0 pair of boots
Will    .....        x - amulet of reflection
Stlth   +            y - ring of positive energy
HPRegen 0.39/turn    (no ring)
MPRegen 0.13/turn

%: repel missiles, reflection
@: glowing
A: horns 2, retaliatory headbutt
a: Renounce Religion, Divine Shield, Cleansing Flame, Summon Divine Warrior


You were on level 3 of the Lair of Beasts.
You worshipped the Shining One.
The Shining One was extremely pleased with you.
You visited 3 branches of the dungeon, and saw 17 of its levels.

You collected 2185 gold pieces.
You spent 95 gold pieces at shops.

Inventory:

Hand Weapons
 F - a +1 spectral hand axe (weapon)
Missiles
 C - 8 throwing nets
Armour
 c - a +0 buckler (worn)
 v - a +0 pair of boots (worn)
 A - a scarf of repulsion (worn)
 D - a +0 pair of gloves (worn)
 N - +2 acid dragon scales (worn)
Jewellery
 f - a +6 ring of intelligence
 x - an amulet of reflection (around neck)
 y - a ring of positive energy (left hand)
Wands
 i - a wand of quicksilver (43)
 p - a wand of charming (23)
 t - a wand of flame (20)
 B - a wand of roots (29)
 H - a wand of mindburst (18)
 J - a wand of digging (2)
Scrolls
 b - a scroll of vulnerability
 d - a scroll of revelation
 e - 5 scrolls of teleportation
 g - a scroll of butterflies
 k - 7 scrolls of immolation
 l - a scroll of noise
 o - 3 scrolls of torment
 q - 3 scrolls of poison
 u - 2 scrolls of blinking
 O - 4 scrolls of fog
Potions
 h - 2 potions of degeneration
 j - 7 potions of curing
 m - a potion of brilliance
 r - 2 potions of enlightenment
 s - 2 potions of mutation {unknown}
 w - 2 potions of attraction
 z - 3 potions of heal wounds


   Skills:
 + Level 12.1 Fighting
 * Level 16.1 Axes
 + Level 12.1 Armour
 + Level 10.2 Dodging
 + Level 11.8 Shields


You had 12 spell levels left.
You didn't know any spells.
Your spell library contained the following spells:

 Spells                   Type           Power      Damage    Failure   Level
 Apportation              Tloc           0%         N/A       56%         1
 Kiss of Death            Conj/Necr      0%         2d5       56%         1
 Sandblast                Erth           0%         2d4       56%         1
 Jinxbite                 Hex            0%         N/A       71%         2
 Lesser Beckoning         Tloc           0%         N/A       71%         2
 Passwall                 Tmut/Erth      0%         N/A       71%         2
 Sublimation of Blood     Necr           0%         N/A       71%         2
 Confusing Touch          Hex            0%         N/A       91%         3
 Dazzling Flash           Conj/Hex       0%         N/A       91%         3
 Frozen Ramparts          Ice            0%         1d1       91%         3
 Gell's Gravitas          Tloc           0%         N/A       91%         3
 Ignite Poison            Fire/Tmut/Pois 0%         N/A       91%         3
 Inner Flame              Hex/Fire       0%         N/A       91%         3
 Stone Arrow              Conj/Erth      0%         3d7       91%         3
 Teleport Other           Tloc           0%         N/A       91%         3
 Volatile Blastmotes      Fire/Tloc      0%         2d10      91%         3
 Brom's Barrelling Bould  Conj/Erth      0%         2d3       100%        4
 Dispel Undead            Necr           0%         3d6       100%        4
 Petrify                  Tmut/Erth      0%         N/A       100%        4
 Sticky Flame             Conj/Fire      0%         2d3       100%        4
 Alistair's Intoxication  Tmut/Pois      0%         N/A       100%        5
 Irradiate                Conj/Tmut      0%         3d11      100%        5
 Metabolic Englaciation   Hex/Ice        0%         N/A       100%        5
 Yara's Violent Unravell  Hex/Tmut       0%         3d3       100%        5
 Starburst                Conj/Fire      0%         6d3       100%        6
 Enfeeble                 Hex            0%         N/A       100%        7
 Ignition                 Fire           0%         3d3       100%        8
 Maxwell's Capacitive Co  Air            0%         ∞         100%        8


Dungeon Overview and Level Annotations

Branches:
Dungeon (13/15)            Temple (0/1) D:7            Lair (3/5) D:9
 Spider (0/4) Lair:2          Orc (1/2) D:10
  Swamp: Lair:2-3    Shoals: Lair:2-3    Vaults: D:13-14

Altars:
Dithmenos
Elyvilon
Fedhas
Gozag
Kikubaaqudgha
Okawaru
Qazlal
Sif Muna
Yredelemnul
The Shining One

Shops:
D:1 :   D:2 [*   D:5 *?=?

Annotations:
D:4 1 runed translucent door, Crazy Yiuf


Innate Abilities, Weirdness & Mutations

You have a pair of horns on your head.
You reflexively headbutt those who attack you in melee.


Message History

The 12-headed hydra bites you but does no damage.
You are too injured to fight recklessly!
You are too injured to fight recklessly!
Unknown command.
You are too injured to fight recklessly!
You are too injured to fight recklessly!
Unknown command.
You slice one of the 12-headed hydra's heads off!
The 11-headed hydra grows two more!
You slash the 13-headed hydra!
The 13-headed hydra is severely wounded.
You slice one of the 13-headed hydra's heads off!
The 12-headed hydra grows two more!
You hit the 14-headed hydra. You headbutt the 14-headed hydra!
The 14-headed hydra is severely wounded.
The 14-headed hydra bites you but does no damage.
The 14-headed hydra bites you. You block the 14-headed hydra's attack.
The 14-headed hydra completely misses you.
The 14-headed hydra bites you.
The 14-headed hydra bites you but does no damage.
You block the 14-headed hydra's attack. x2; The 14-headed hydra bites you. x4
You block the 14-headed hydra's attack. The 14-headed hydra bites you.
You slice one of the 14-headed hydra's heads off!
The 13-headed hydra grows two more!
You slash the 15-headed hydra!
The 15-headed hydra is severely wounded.
The 15-headed hydra misses you.
The 15-headed hydra bites you but does no damage.
The 15-headed hydra bites you!
* * * LOW HITPOINT WARNING * * *
The 15-headed hydra bites you but does no damage.
The 15-headed hydra bites you.
* * * LOW HITPOINT WARNING * * *
The 15-headed hydra bites you!
* * * LOW HITPOINT WARNING * * *
You block the 15-headed hydra's attack. The 15-headed hydra bites you.
* * * LOW HITPOINT WARNING * * *
You block the 15-headed hydra's attack. The 15-headed hydra bites you.
* * * LOW HITPOINT WARNING * * *
The 15-headed hydra bites you but does no damage. x2
The 15-headed hydra bites you.
You die...

#..............#
#............# P#
#........#####
..###......##
♣..........#
♣..........#
♣..#...D...#
♣#.#P.yD#.##
♣♣..P...#@##
♣........##
.............##
.P.............#
.........P.....#
........###..#.##
..#.....###..###
...............#
...............##


You could see a 15-headed hydra, an eight-headed hydra and a vampire mosquito.

Vanquished Creatures
  Harold (Lair:2)
  A catoblepas (Lair:1)
  2 two-headed ogres
  5 boulder beetles
  Amaemon (Lair:2)
  Urug (D:10)
  Pikel (D:6)
  An oklob plant (D:8)
  A manticore (Lair:2)
  2 ugly things
  2 cyclopes
  2 elephants
  A black mamba (Lair:1)
  7 cane toads
  An orange demon (Lair:2)
  Joseph (D:7)
  A kobold demonologist (D:11)
  2 gargoyles
  An unseen horror (D:10)
  4 komodo dragons
  3 rime drakes (Lair:2)
  A queen bee (Lair:2)
  5 meliai (Lair:2)
  A troll (D:11)
  Sigmund (D:2)
  2 jumping spiders (Lair:2)
  A shadow (D:11)
  5 wyverns
  36 yaks
  10 basilisks
  2 redbacks (Lair:2)
  12 vampire mosquitoes
  11 water moccasins
  A steam dragon (D:9)
  An acid dragon (D:8)
  4 orc warriors
  A sky beast (D:6)
  3 ogres
  A black bear (D:9)
  6 centaurs
  3 lemures (D:6)
  A phantom (D:6)
  2 kobold brigands
  6 bullfrogs
  A gnoll sergeant (D:7)
  3 scorpions
  5 wights (D:8)
  26 killer bees
  7 howler monkeys
  5 crimson imps
  4 orc priests
  5 hounds
  4 jellies
  A gnoll bouda (D:3)
  Ijyb (D:3)
  Terence (D:3)
  2 iguanas
  Natasha (thrice) (D:2)
  A hell rat (Lair:2)
  16 orc wizards
  Robin (D:2)
  9 adders
  7 gnolls
  3 shadow imps (D:8)
  3 white imps
  A worm (D:4)
  2 dart slugs
  27 orcs
  4 endoplasms
  2 giant cockroaches
  7 hobgoblins
  4 jackals (D:3)
  16 kobolds
  3 quokkas
  2 ball pythons
  5 bats
  A frilled lizard (D:1)
  15 goblins
  4 hobgoblin zombies (D:3)
  A kobold skeleton (D:3)
  An orc skeleton (D:3)
  4 orc zombies (D:3)
  6 rats
370 creatures vanquished.

Vanquished Creatures (others)
  4 spectral weapons
4 creatures vanquished.

Grand Total: 374 creatures vanquished

Notes
Turn   | Place    | Note
-------+----------+-------------------------------------------
     0 | D:1      | BinkBink the Minotaur Fighter began the quest for the Orb.
     0 | D:1      | Reached XP level 1. HP: 19/19 MP: 0/0
   125 | D:1      | Found Roxong's Vocational Training.
   224 | D:1      | Reached XP level 2. HP: 27/27 MP: 1/1
   721 | D:2      | Noticed Sigmund
   805 | D:2      | Noticed Robin
   810 | D:2      | Reached skill level 3 in Axes
   810 | D:2      | Reached skill level 1 in Dodging
   812 | D:2      | Reached XP level 3. HP: 24/33 MP: 2/2
   836 | D:2      | Killed Robin
   935 | D:2      | Identified the +11 rapier "Miolugo Arur" {freeze, rPois
                  | Dex+6}
   960 | D:2      | Noticed Natasha
   962 | D:2      | Killed Natasha
   963 | D:2      | Reached XP level 4. HP: 40/40 MP: 3/3
  1018 | D:2      | Found Fewont's Assorted Antiques.
  1031 | D:2      | Bought a scroll labelled FUOMNUJ ORIRIUZA for 26 gold
                  | pieces
  1031 | D:2      | Bought a scroll labelled FUOMNUJ ORIRIUZA for 26 gold
                  | pieces
  1190 | D:2      | Killed Sigmund
  1191 | D:2      | Reached skill level 4 in Axes
  1191 | D:2      | Reached XP level 5. HP: 35/47 MP: 4/4
  1191 | D:2      | Reached XP level 6. HP: 39/53 MP: 5/5
  1251 | D:2      | Found Itukh's Antique Armour Shop.
  1326 | D:2      | Noticed Natasha
  1331 | D:2      | Killed Natasha
  1431 | D:2      | Noticed Natasha
  1437 | D:2      | Killed Natasha
  1438 | D:2      | Reached skill level 5 in Axes
  1641 | D:2      | Bought a scroll labelled XUDOMI ISA HIG for 26 gold pieces
  1672 | D:3      | Noticed Terence
  1680 | D:3      | Noticed a water moccasin
  1683 | D:3      | Killed Terence
  1689 | D:3      | Killed a water moccasin
  1690 | D:3      | Reached skill level 5 in Fighting
  1690 | D:3      | Reached skill level 5 in Armour
  1690 | D:3      | Reached skill level 5 in Shields
  1707 | D:3      | Noticed Ijyb
  1714 | D:3      | Killed Ijyb
  1947 | D:3      | Found a glowing golden altar of the Shining One.
  1956 | D:3      | Reached XP level 7. HP: 61/61 MP: 6/6
  1983 | D:3      | Became a worshipper of the Shining One
  2031 | D:3      | Found a basalt altar of Yredelemnul.
  2223 | D:3      | Found a faded altar of an unknown god.
  2442 | D:3      | Reached skill level 6 in Axes
  2894 | D:4      | Found a runed translucent door.
  2895 | D:4      | Noticed Crazy Yiuf
  3682 | D:5      | Entered Level 5 of the Dungeon
  3702 | D:5      | Reached XP level 8. HP: 62/70 MP: 7/7
  3708 | D:5      | Reached skill level 7 in Axes
  3983 | D:5      | Found Poavomno's Assorted Antiques.
  3987 | D:5      | Found Pikid's Jewellery Shop.
  3987 | D:5      | Found Orym's Magic Scroll Shop.
  3988 | D:5      | Found Vemn's Magic Scroll Shop.
  4017 | D:5      | Bought a scroll labelled HUUPLI QYFEWN for 17 gold pieces
  4825 | D:6      | Reached skill level 8 in Axes
  4832 | D:6      | Reached skill level 5 in Dodging
  4832 | D:6      | Reached XP level 9. HP: 75/78 MP: 8/8
  4835 | D:6      | Reached * piety under the Shining One
  4994 | D:6      | Reached skill level 9 in Axes
  5165 | D:6      | Noticed Pikel
  5187 | D:6      | Killed Pikel
  5321 | D:7      | Found a staircase to the Ecumenical Temple.
  5641 | D:7      | Found a white marble altar of Elyvilon.
  5779 | D:7      | Noticed Joseph
  5787 | D:7      | Killed Joseph
  5788 | D:7      | Reached skill level 10 in Axes
  6162 | D:7      | Reached XP level 10. HP: 59/88 MP: 9/9
  6617 | D:8      | You fall into a shaft and drop 1 floor!
  6617 | D:9      | Found an iron altar of Okawaru.
  6654 | D:9      | Noticed an elephant
  7206 | D:9      | Found a staircase to the Lair.
  7285 | D:9      | Killed an elephant
  7286 | D:9      | Reached skill level 11 in Axes
  7599 | D:8      | Reached ** piety under the Shining One
  7767 | D:8      | Found a blossoming altar of Fedhas.
  7814 | D:8      | Noticed an oklob plant
  8373 | D:8      | Killed an oklob plant
  8510 | D:10     | Entered Level 10 of the Dungeon
  8533 | D:10     | Reached *** piety under the Shining One
  8790 | D:10     | Reached skill level 12 in Axes
  8791 | D:10     | Reached XP level 11. HP: 84/97 MP: 10/10
  8929 | D:10     | Found a shadowy altar of Dithmenos.
  9267 | D:10     | Found an ancient bone altar of Kikubaaqudgha.
  9267 | D:10     | Found an opulent altar of Gozag.
  9268 | D:10     | Found a stormy altar of Qazlal.
  9647 | D:10     | Noticed Urug
  9660 | D:10     | Killed Urug
  9848 | D:10     | Found a staircase to the Orcish Mines.
  9913 | D:10     | Found a shimmering blue altar of Sif Muna.
 10441 | D:11     | Noticed a purple ugly thing
 10485 | D:11     | Killed a purple ugly thing
 10714 | D:11     | Reached skill level 13 in Axes
 10793 | D:11     | Reached **** piety under the Shining One
 10839 | D:11     | Noticed a boulder beetle
 10885 | D:11     | Killed a boulder beetle
 10886 | D:11     | Reached skill level 10 in Fighting
 10886 | D:11     | Reached skill level 10 in Armour
 11216 | D:11     | Noticed a two-headed ogre
 11228 | D:11     | Killed a two-headed ogre
 11229 | D:11     | Reached skill level 10 in Shields
 11316 | D:11     | Identified a scroll of acquirement
 11316 | D:11     | Acquired 982 gold pieces
 11652 | D:12     | Identified the +4 chain mail "Oqeum" {Int-3 Dex+6}
 11853 | D:12     | Noticed a two-headed ogre
 11858 | D:12     | Noticed a boulder beetle
 11865 | D:12     | Killed a two-headed ogre
 11867 | D:12     | Reached XP level 12. HP: 67/107 MP: 11/11
 11884 | D:12     | Killed a boulder beetle
 11996 | D:12     | Reached skill level 14 in Axes
 12181 | D:12     | Noticed a boulder beetle
 12199 | D:12     | Killed a boulder beetle
 12227 | D:12     | Noticed a boulder beetle
 12244 | D:12     | Killed a boulder beetle
 12588 | D:13     | Noticed an entropy weaver
 12643 | Orc:1    | Entered Level 1 of the Orcish Mines
 12644 | Orc:1    | Noticed a two-headed ogre
 12644 | Orc:1    | Noticed a two-headed ogre
 12648 | Orc:1    | Noticed an ogre mage
 12693 | Lair:1   | Entered Level 1 of the Lair of Beasts
 12997 | Lair:1   | Noticed a catoblepas
 13020 | Lair:1   | Killed a catoblepas
 14059 | Lair:2   | Reached skill level 15 in Axes
 14280 | Lair:2   | Noticed Harold
 14281 | Lair:2   | Noticed a boulder beetle
 14290 | Lair:2   | Killed Harold
 14317 | Lair:2   | Killed a boulder beetle
 14512 | Lair:2   | Found a hole to the Spider Nest.
 14530 | Lair:2   | Reached XP level 13. HP: 78/116 MP: 12/12
 14653 | Lair:2   | Noticed Amaemon
 14653 | Lair:2   | Reached ***** piety under the Shining One
 14671 | Lair:2   | Killed Amaemon
 14989 | Lair:2   | Reached skill level 10 in Dodging
 15710 | Lair:2   | Reached skill level 16 in Axes
 16286 | Lair:3   | HP: 2/118 [15-headed hydra (5)]
 16286 | Lair:3   | Slain by a 15-headed hydra

Illustrated notes

Levels and vault maps discovered:
D:1:      mrwooster_arrival_statue_3, layout_basic, nicolae_shop_vocational
D:2:      layout_basic, serial_shops, shop, nicolae_lakefront_shop,
          minivault_27, uniq_sigmund, uniq_natasha, uniq_robin
D:3:      layout_basic, nicolae_tso_besieged_by_evil, mainiacjoe_overflow_paths,
          hellmonk_ecumenical_altar_arch_garden, uniq_ijyb, uniq_terence
D:4:      layout_loops_corners, uniq_crazy_yiuf_cottage
D:5:      layout_basic, minmay_misc_feat_iff, minmay_shop_grid_forest,
          roderic_three_in_a_row, kennysheep_diamond
D:6:      minmay_spotlight, layout_rooms, kennysheep_flooded_box, dk_vineyard_3,
          uniq_pikel
D:7:      layout_loops_corners, elyvilon_altar_1, minmay_temple_entry_trees,
          grunt_ministairs_14, uniq_joseph
D:8:      layout_rooms, tgw_fedhas, nrook_mini_backslash, minmay_nine_imps
D:9:      layout_gridville, okawaru_ov_weapons_minmay, david_lair_generic
D:10:     layout_cave_pods, gammafunk_temple_overflow_claw,
          general_overflow_altar, tgw_sif, uniq_urug
D:11:     layout_irregular_city
D:12:     layout_basic
D:13:     minmay_textured_paths, layout_basic, grunt_vaults_entry_fortified
Lair:1:   layout_long_grid, hibernation_bobbens
Lair:2:   regret_index_combs_of_tragedy, layout_chaotic_city,
          spider_nest_entry_a, uniq_harold, uniq_amaemon
Lair:3:   beast_lair_carwin_large_1, layout_gridlike, minmay_swamp_entry_worms,
          pond, grunt_megastairs_4, lemuel_fruit_tree
Orc:1:    layout_caves, gammafunk_ghost_abyssal_escape, serial_shops,
          nicolae_shop_back_alley_shop, nicolae_orc_rich_vein, uniq_gastronok

Skill      XL: |  1  2  3  4  5  6  7  8  9 10 11 12 13 |
---------------+----------------------------------------+-----
Axes           | 3 4 5 6 8 10 12 13 15 16 | 16.1
Dodging        | 1 2 3 5 6 7 8 9 10 | 10.2
Shields        | 4 5 6 7 9 10 11 | 11.8
Armour         | 4 5 6 8 9 10 11 12 | 12.1
Fighting       | 4 5 6 7 9 10 11 12 | 12.1

Action                     |  1- 3 |  4- 6 |  7- 9 | 10-12 | 13-15 || total
---------------------------+-------+-------+-------+-------+-------++-------
  Melee: War axe           |    76 |    56 |   223 |    10 |       ||   365
         Headbutt          |     4 |     9 |    64 |   226 |    55 ||   358
         Hand axe          |       |       |       |   647 |   186 ||   833
    Use: Potion            |     1 |     1 |       |     8 |       ||    10
         Scroll            |       |     4 |     1 |    14 |     3 ||    22
 Armour: Scale mail        |    67 |    38 |   111 |    11 |       ||   227
         Acid dragon scale |       |       |       |   156 |   111 ||   267
         Steam dragon scal |       |       |       |    26 |       ||    26
         Skin              |       |       |       |     4 |       ||     4
  Dodge: Dodged            |    54 |    35 |    97 |   174 |   108 ||   468
         Repelled          |       |       |       |     7 |     1 ||     8
  Block: Buckler           |    24 |     8 |    85 |   216 |    94 ||   427
         Reflection        |       |       |     4 |    16 |     1 ||    21

Table legend: (Time is in decaauts)
 A = Elapsed time spent in this place.
 B = Non-inter-level travel time spent in this place.
 C = Inter-level travel time spent in this place.
 D = Time resting spent in this place.
 E = Time spent auto-exploring this place.
 F = Levels seen in this place.
 G = Mean time per level.
                   A        B        C        D        E       F      G
               +--------+--------+--------+--------+--------+-----+--------+
         Total |  16122 |  15414 |    708 |   1566 |  11439 |  17 |  948.4 |
       Dungeon |  12650 |  12068 |    582 |   1088 |   9114 |  13 |  973.1 |
          Lair |   3466 |   3341 |    125 |    478 |   2324 |   3 | 1155.3 |
  Orcish Mines |      5 |      5 |      0 |      0 |      0 |   1 |    5.0 |
               +--------+--------+--------+--------+--------+-----+--------+

Top non-repeatable levels by time:
  Lair:2: 2107 daAuts
    D:10: 1763 daAuts
    D:11: 1344 daAuts
  Lair:1: 1318 daAuts
     D:7: 1271 daAuts
     D:4: 1131 daAuts
     D:2: 1027 daAuts
     D:8: 985 daAuts
     D:5: 976 daAuts
     D:9: 954 daAuts
    D:12: 947 daAuts
     D:1: 800 daAuts
     D:3: 797 daAuts
     D:6: 650 daAuts
  Lair:3: 40 daAuts
